 Dungeon Crawl Stone Soup version 0.30.0-29-ga12c61a403 (webtiles) character file.

Game seed: 13765827491262200224

3240 qw the Cleaver (level 9, -13/59 HPs)
             Began as a Gargoyle Fighter on June 3, 2023.
             Was an Initiate of Okawaru.
             Killed by divine providence
             ... invoked by an orc priest
              (16 damage)
             ... on level 7 of the Dungeon.
             The game lasted 00:04:02 (6584 turns).

qw the Cleaver (Gargoyle Fighter)                   Turns: 6584, Time: 00:04:02

Health: -13/59     AC: 17    Str: 23    XL:     9   Next: 99%
Magic:  9/9        EV: 13    Int: 10    God:    Okawaru [......]
Gold:   468        SH:  4    Dex:  9    Spells: 8/8 levels left

rFire   . . .        Y - +0 war axe
rCold   . . .        c - +0 buckler
rNeg    + . .        g - +0 chain mail
rPois   inf          (no helmet)
rElec   +            (no cloak)
rCorr   .            (no gloves)
SInv    +            j - +0 pair of boots
Will    .....        l - amulet of regeneration Stlth
                     o - ring of see invisible
HPRegen 1.09/turn    h - +5 ring of evasion
MPRegen 0.11/turn

%: no passive effects
@: about to teleport
A: sickness immunity, AC +6, negative energy resistance 1, electricity
resistance, torment resistance 1, petrification resistance
a: Renounce Religion


You were on level 7 of the Dungeon.
You worshipped Okawaru.
Okawaru was noncommittal.
You visited 2 branches of the dungeon, and saw 8 of its levels.

You collected 468 gold pieces.


Innate Abilities, Weirdness & Mutations

You are immune to sickness and miasma.
Your stone body is resilient. (AC +6)
You are immune to poison.
You resist negative energy. (rN+)
You are resistant to electric shocks. (rElec)
You are resistant to unholy torment.
You are immune to petrification.


   Skills:
 - Level 8.0 Fighting
 - Level 10.2 Axes
 - Level 1.0 Throwing
 - Level 5.0 Armour
 - Level 1.0 Dodging
 + Level 4.1 Shields


You had 8 spell levels left.
You didn't know any spells.
Your spell library was empty.

Inventory:

Hand Weapons
 k - a +0 flail
 Y - a +0 war axe (weapon)
Armour
 c - a +0 buckler (worn)
 g - a +0 chain mail (worn)
 j - a +0 pair of boots (worn)
Jewellery
 h - a +5 ring of evasion (right hand)
 l - an amulet of regeneration (around neck)
 m - a ring of protection from cold
 o - a ring of see invisible (left hand)
Scrolls
 a - 2 scrolls of identify
 b - a scroll of enchant weapon {unknown}
 f - a scroll of teleportation
Potions
 d - a potion of might
 e - 6 potions of curing
 i - a potion of cancellation
 n - 2 potions of lignification
 q - 3 potions of attraction

Dungeon Overview and Level Annotations

Branches:
Dungeon (7/15)             Temple (1/1) D:6

Altars:
Ashenzari
Cheibriados
Dithmenos
Elyvilon
Fedhas
Gozag
Hepliaklqana
Kikubaaqudgha
Makhleb
Nemelex Xobeh
Okawaru
Qazlal
Ru
Sif Muna
Trog
Uskayaw
Vehumet
Wu Jian
Xom
Yredelemnul
Zin
The Shining One

Annotations:
D:2 1 runed translucent door, Crazy Yiuf
D:7 2 transporters, qw's ghost, novice GrFi


Message History

You barely miss the orc wizard.
The orc wizard is heavily wounded.
You barely miss the orc priest. The orc priest misses you.
You block the orc wizard's attack. The orc warrior completely misses you.
You barely miss the orc wizard.
The orc wizard is heavily wounded.
You hit the orc priest but do no damage.
You block the orc priest's attack.
The orc warrior hits you from afar with a +0 halberd.
You block the orc wizard's attack.
You hit the orc wizard.
The orc wizard is heavily wounded.
You hit the orc priest but do no damage.
You block the orc priest's attack.
The orc warrior hits you from afar with a +0 halberd.
The orc wizard hits you with a +0 dagger.
You barely miss the orc wizard.
The orc wizard is heavily wounded.
You barely miss the orc priest. The orc priest misses you.
The orc warrior misses you. The orc wizard casts a spell at you.
You easily resist.
You slash the orc wizard!
You kill the orc wizard!
Okawaru accepts your kill.
You hit the orc priest.
The orc warrior hits you from afar with a +0 halberd!
The orc priest calls down the wrath of Beogh upon you.
Beogh smites you!
6583 ||| READING 2 scrolls of teleportation.
As you read the scroll of teleportation, it crumbles to dust.
You feel strangely unstable.
The orc priest hits you but does no damage.
The orc warrior barely misses you.
You barely miss the orc priest.
The orc priest is moderately wounded.
The orc priest invokes the aid of Beogh against you.
Beogh smites you!
You die...

.......#,,#............#
.......#,,#............#
.......#,,#............#
.......#,,#............#
.......#,,#............#
.......#,,#............#
########,,##+##....#####
*,,,,,,,*,,,#....#
*,,,,,<,*,,,+.@o.#
*,,,,,,,*,,,#%.).#
*,,,,,,,+,,,#..o.#
*****,*****+#....#*********
*******,****,,###...,,,,,,,,*
,,,*,,,,,,,,,,,,#....,,,,,,,*
,,,*,,,,,,,,,,,,#.....,,,,,,*
,,,*,,<,,,,,,,,,*......,,,,,*
,,,*,,,,,,,,,,,,*,,,,,,,,,,,*


You could see an orc warrior and an orc priest.

Vanquished Creatures
  Pikel (D:5)
  Maggie (D:6)
  Grinder (D:3)
  Prince Ribbit (D:6)
  Sigmund (D:2)
  A sky beast (D:6)
  An ice beast (D:6)
  A black bear (D:4)
  3 ogres
  A centaur (D:6)
  A kobold brigand (D:6)
  A scorpion (D:5)
  5 wights (D:6)
  6 killer bees (D:7)
  A howler monkey (D:5)
  A jelly (D:4)
  2 orc priests
  5 hounds
  Jessica (D:2)
  2 iguanas (D:5)
  A sleepcap (D:5)
  Natasha (D:2)
  Terence (D:3)
  3 orc wizards
  A gnoll (D:1)
  7 adders
  3 ufetubi (D:6)
  A worm (D:2)
  2 dart slugs
  20 orcs
  6 endoplasms
  7 goblins
  8 hobgoblins
  9 jackals
  4 quokkas
  7 ball pythons
  3 bats
  3 frilled lizards
  14 kobolds
  6 rats
144 creatures vanquished.

Notes
Turn   | Place    | Note
-------+----------+-------------------------------------------
     0 | D:1      | qw the Gargoyle Fighter began the quest for the Orb.
     0 | D:1      | Reached XP level 1. HP: 14/14 MP: 1/1
     0 | D:1      | 0 ||| qw: Version: 0.2-a-103-g5a998e5
     0 | D:1      | 0 ||| qw: Game counter: 989
     0 | D:1      | 0 ||| qw: Always use a shield: true
     0 | D:1      | 0 ||| qw: God list: Okawaru
     0 | D:1      | 0 ||| qw: Allow faded altars: false
     0 | D:1      | 0 ||| qw: Do Orc after D:15 true
     0 | D:1      | 0 ||| qw: Do second Lair branch before Depths: true
     0 | D:1      | 0 ||| qw: Lair rune preference: random
     0 | D:1      | 0 ||| qw: Plans: Normal, Zot:1-4, Slime:5, God:TSO, Crypt,
                  | Tomb, Pan, Hells, Abyss, Win
     0 | D:1      | 0 ||| PLANNING D:1-11
   138 | D:1      | Reached skill level 2 in Axes
   279 | D:1      | 279 ||| Stepping ~*~*~tactically~*~*~ (hiding).
   280 | D:1      | 280 ||| Stepping ~*~*~tactically~*~*~ (hiding).
   290 | D:1      | Reached XP level 2. HP: 16/19 MP: 2/2
   297 | D:1      | 297 ||| FLEEEEING.
   306 | D:1      | 306 ||| Stepping ~*~*~tactically~*~*~ (stealth).
   309 | D:1      | 309 ||| Stepping ~*~*~tactically~*~*~ (stealth).
   310 | D:1      | 310 ||| Stepping ~*~*~tactically~*~*~ (stealth).
   322 | D:1      | 322 ||| FLEEEEING.
   328 | D:1      | 328 ||| Stepping ~*~*~tactically~*~*~ (stealth).
   392 | D:1      | Reached skill level 3 in Axes
   442 | D:1      | Reached XP level 3. HP: 23/23 MP: 3/3
   496 | D:1      | 496 ||| DROPPING +0 club.
   763 | D:1      | 763 ||| UPGRADING to ring of protection from cold.
   764 | D:1      | 764 ||| READING 2 scrolls labelled IRAIFUKK YMILI.
   765 | D:1      | 765 ||| READING scroll labelled VUJUEN LENU.
   766 | D:1      | 766 ||| READING 2 scrolls labelled BITWOMA HO YLYL.
   818 | D:2      | Noticed Jessica
   826 | D:2      | Killed Jessica
   827 | D:2      | Reached XP level 4. HP: 16/28 MP: 4/4
   925 | D:2      | Reached skill level 4 in Axes
   933 | D:2      | 933 ||| FLEEEEING.
   934 | D:2      | 934 ||| Stepping ~*~*~tactically~*~*~ (stealth).
   949 | D:2      | 949 ||| Stepping ~*~*~tactically~*~*~ (stealth).
  1325 | D:2      | 1325 ||| Stepping ~*~*~tactically~*~*~ (stealth).
  1348 | D:2      | Noticed Sigmund
  1359 | D:2      | Killed Sigmund
  1360 | D:2      | Reached skill level 5 in Axes
  1360 | D:2      | Reached XP level 5. HP: 15/32 MP: 5/5
  1360 | D:2      | Reached XP level 6. HP: 17/37 MP: 6/6
  1444 | D:2      | Noticed Natasha
  1445 | D:2      | 1445 ||| Stepping ~*~*~tactically~*~*~ (hiding).
  1446 | D:2      | 1446 ||| Stepping ~*~*~tactically~*~*~ (hiding).
  1451 | D:2      | Killed Natasha
  1638 | D:2      | 1638 ||| Stepping ~*~*~tactically~*~*~ (stealth).
  1834 | D:2      | Found a runed translucent door.
  1835 | D:2      | Noticed Crazy Yiuf
  1838 | D:2      | 1838 ||| UPGRADING to +5 ring of evasion.
  1839 | D:2      | 1839 ||| READING 2 scrolls labelled JUNAMN OG MON.
  1840 | D:2      | 1840 ||| READING scroll labelled AXOEBA KUEDY.
  1869 | D:2      | 1869 ||| DRINKING 2 sedimented green potions.
  1870 | D:2      | 1870 ||| DRINKING 2 murky purple potions.
  1896 | D:2      | 1896 ||| READING 5 scrolls of identify.
  1896 | D:2      | 1896 ||| IDENTIFYING bubbling green potion
  1897 | D:2      | 1897 ||| READING 4 scrolls of identify.
  1897 | D:2      | 1897 ||| IDENTIFYING puce potion
  1898 | D:2      | 1898 ||| READING 3 scrolls of identify.
  1898 | D:2      | 1898 ||| IDENTIFYING cyan potion
  1899 | D:2      | 1899 ||| READING 2 scrolls of identify.
  1899 | D:2      | 1899 ||| IDENTIFYING glowing black potion
  1900 | D:2      | 1900 ||| DROPPING potion of degeneration.
  1901 | D:2      | 1901 ||| DROPPING potion of magic.
  1902 | D:2      | 1902 ||| DROPPING scroll of fear.
  2058 | D:3      | Noticed Grinder
  2059 | D:3      | 2059 ||| Stepping ~*~*~tactically~*~*~ (hiding).
  2073 | D:3      | Killed Grinder
  2074 | D:3      | Reached XP level 7. HP: 34/44 MP: 7/7
  2493 | D:3      | 2493 ||| Stepping ~*~*~tactically~*~*~ (hiding).
  2923 | D:3      | Noticed Terence
  2935 | D:3      | Killed Terence
  2936 | D:3      | Reached skill level 1 in Dodging
  3066 | D:3      | 3066 ||| READING scroll labelled RIMIKA CYPPU.
  3067 | D:3      | 3067 ||| READING scroll labelled CYATHU RUTUI.
  3068 | D:3      | 3068 ||| READING 3 scrolls of identify.
  3068 | D:3      | 3068 ||| IDENTIFYING dark potion
  3088 | D:4      | 3088 ||| STAIRDANCE
  3098 | D:3      | Reached skill level 6 in Axes
  3181 | D:3      | 3181 ||| UPGRADING to +0 chain mail.
  3191 | D:3      | 3191 ||| DROPPING +0 scale mail.
  3223 | D:4      | 3223 ||| Stepping ~*~*~tactically~*~*~ (hiding).
  3225 | D:4      | 3225 ||| Stepping ~*~*~tactically~*~*~ (hiding).
  3325 | D:4      | 3325 ||| DROPPING +0 whip.
  3326 | D:4      | 3326 ||| Stepping ~*~*~tactically~*~*~ (stealth).
  3327 | D:4      | 3327 ||| Stepping ~*~*~tactically~*~*~ (stealth).
  3329 | D:4      | 3329 ||| Stepping ~*~*~tactically~*~*~ (stealth).
  3330 | D:4      | 3330 ||| Stepping ~*~*~tactically~*~*~ (stealth).
  3341 | D:4      | Reached skill level 7 in Axes
  3341 | D:4      | Reached XP level 8. HP: 44/50 MP: 8/8
  3471 | D:4      | 3471 ||| Stepping ~*~*~tactically~*~*~ (hiding).
  3474 | D:4      | 3474 ||| Stepping ~*~*~tactically~*~*~ (hiding).
  3616 | D:4      | Reached skill level 1 in Throwing
  3718 | D:4      | Identified the +1 robe of Gohir {Str+4}
  3855 | D:4      | Found a radiant altar of Vehumet.
  3855 | D:4      | Found an ancient bone altar of Kikubaaqudgha.
  3873 | D:4      | 3873 ||| UPGRADING to ring of see invisible.
  3875 | D:4      | 3875 ||| READING 3 scrolls labelled POYGIYTRUTH.
  3976 | D:4      | 3976 ||| DROPPING 2 scrolls of silence.
  4002 | D:5      | Entered Level 5 of the Dungeon
  4232 | D:5      | Noticed Pikel
  4254 | D:5      | HP: 12/50 [Pikel/+1 whip of freezing (5)]
  4255 | D:5      | 4255 ||| READING 2 scrolls of teleportation.
  4256 | D:5      | 4256 ||| DRINKING 3 potions of heal wounds.
  4431 | D:5      | 4431 ||| Stepping ~*~*~tactically~*~*~ (stealth).
  4447 | D:5      | Killed Pikel
  4448 | D:5      | Reached skill level 9 in Axes
  4630 | D:5      | You fall into a shaft and drop 2 floors!
  4639 | D:7      | Found a transporter.
  4654 | D:7      | 4654 ||| READING scroll labelled NEGOXYVOUS.
  4655 | D:7      | 4655 ||| READING scroll labelled YCEDICESAN.
  4656 | D:7      | 4656 ||| READING 2 scrolls of identify.
  4656 | D:7      | 4656 ||| IDENTIFYING bubbling silvery potion
  4657 | D:7      | 4657 ||| DROPPING potion of invisibility.
  4666 | D:6      | Noticed Prince Ribbit
  4673 | D:6      | 4673 ||| FLEEEEING.
  4674 | D:6      | 4674 ||| FLEEEEING.
  4675 | D:6      | 4675 ||| FLEEEEING.
  4676 | D:6      | 4676 ||| FLEEEEING.
  4677 | D:6      | 4677 ||| FLEEEEING.
  4678 | D:6      | 4678 ||| STAIRDANCE
  4845 | D:5      | Reached skill level 6 in Fighting
  4898 | D:5      | Found a shimmering blue altar of Sif Muna.
  4948 | D:5      | 4948 ||| UPGRADING to amulet of regeneration.
  4953 | D:5      | 4953 ||| DROPPING amulet of magic regeneration.
  5035 | D:6      | Reached XP level 9. HP: 55/55 MP: 9/9
  5130 | D:6      | 5130 ||| Stepping ~*~*~tactically~*~*~ (stealth).
  5131 | D:6      | 5131 ||| Stepping ~*~*~tactically~*~*~ (stealth).
  5132 | D:6      | 5132 ||| Stepping ~*~*~tactically~*~*~ (stealth).
  5200 | D:6      | 5200 ||| DROPPING +2 hand axe of electrocution.
  5400 | D:6      | Noticed Maggie
  5413 | D:6      | HP: 14/57 [Maggie/bolt of fire (24)]
  5414 | D:6      | 5414 ||| READING 2 scrolls of teleportation.
  5415 | D:6      | HP: 4/57 [Maggie/+0 scimitar of pain (13)]
  5416 | D:6      | 5416 ||| DRINKING 2 potions of heal wounds.
  5426 | D:6      | HP: 10/57 [Maggie/bolt of fire (6)]
  5427 | D:6      | 5427 ||| READING scroll of teleportation.
  5428 | D:6      | 5428 ||| DRINKING potion of heal wounds.
  5436 | D:6      | HP: 12/57 [orc priest/divine providence (15)]
  5501 | D:6      | 5501 ||| Stepping ~*~*~tactically~*~*~ (stealth).
  5518 | D:6      | HP: 6/57 [wight/+3 battleaxe of freezing (13)]
  5525 | D:6      | 5525 ||| FLEEEEING.
  5526 | D:6      | 5526 ||| STAIRDANCE
  5567 | D:5      | 5567 ||| READING scroll labelled SUISIK CIRIRGHU.
  5568 | D:5      | 5568 ||| READING 3 scrolls of identify.
  5568 | D:5      | 5568 ||| IDENTIFYING brown potion
  5569 | D:5      | 5569 ||| DROPPING potion of brilliance.
  5575 | D:6      | Killed Prince Ribbit
  5597 | D:6      | 5597 ||| Stepping ~*~*~tactically~*~*~ (stealth).
  5625 | D:6      | Killed Maggie
  5626 | D:6      | Reached skill level 10 in Axes
  5761 | D:6      | Found a staircase to the Ecumenical Temple.
  5762 | D:6      | 5762 ||| PLANNING TEMPLE
  5762 | D:6      | 5762 ||| UPGRADING to +0 pair of boots.
  5767 | D:6      | 5767 ||| READING scroll labelled BUSCHA VORIUNKU.
  5776 | Temple   | Entered the Ecumenical Temple
  5777 | Temple   | 5777 ||| PLANNING OKAWARU WORSHIP
  6212 | Temple   | Became a worshipper of Warmaster Okawaru
  6212 | Temple   | 6212 ||| PLANNING D:1-11
  6285 | D:7      | Noticed a manticore
  6286 | D:7      | Noticed a kobold demonologist
  6288 | D:7      | Noticed qw's ghost (novice GrFi)
  6394 | D:7      | Found a transporter.
  6555 | D:7      | 6555 ||| Stepping ~*~*~tactically~*~*~ (stealth).
  6582 | D:7      | HP: 1/59 [orc priest/divine providence (16)]
  6583 | D:7      | 6583 ||| READING 2 scrolls of teleportation.
  6584 | D:7      | Killed from afar by an orc priest

Levels and vault maps discovered:
D:1:      dpeg_arrival_erosion, layout_loops_ring
D:2:      layout_loops_cross, minmay_diced_spiral, uniq_sigmund, uniq_natasha,
          uniq_jessica, uniq_crazy_yiuf_cottage
D:3:      layout_basic, minmay_hedge_maze, uniq_grinder, uniq_terence
D:4:      layout_rooms, amethyst_overflow_temple_binary
D:5:      layout_loops_ring, kennysheep_mini, uniq_pikel
D:6:      layout_gridville, minmay_temple_entry_drinking_statues,
          uniq_prince_ribbit1, uniq_maggie
D:7:      layout_gridville, nzn_ghost_randoct
Temple:   compressed_dpeg_triangle_lava_temple

Skill      XL: |  1  2  3  4  5  6  7  8  9 |
---------------+----------------------------+-----
Axes           | 2 3 5 7 9 10 | 10.2
Fighting       | 5 6 8 |  8.0
Dodging        | 1 |  1.0
Throwing       | 1 |  1.0
Shields        | 4 |  4.1
Armour         | 5 |  5.0

Action                     |  1- 3 |  4- 6 |  7- 9 || total
---------------------------+-------+-------+-------++-------
  Melee: War axe           |    44 |   103 |   406 ||   553
  Throw: Boomerang         |       |       |    41 ||    41
    Use: Scroll            |     3 |     6 |    14 ||    23
         Potion            |       |     2 |     3 ||     5
 Armour: Scale mail        |    14 |    40 |    25 ||    79
         Chain mail        |       |       |   128 ||   128
  Dodge: Dodged            |    13 |    45 |   278 ||   336
  Block: Buckler           |     3 |    11 |   104 ||   118

Table legend:
 A = Non-vault XP
 B = Vault XP
 C = Vault XP percentage of total XP
 D = Non-vault monster count
 E = Vault monster count
 F = Vault count percentage of total count
                 A         B        C        D         E       F
            +---------+---------+-------+---------+---------+-------
      Total |    2658 |    1971 |  42.6 |     130 |      14 |   9.7
            +---------+---------+-------+---------+---------+-------
        D:1 |      42 |       0 |   0.0 |      17 |       0 |   0.0
        D:2 |      61 |     332 |  84.5 |      20 |       9 |  31.0
        D:3 |     174 |     308 |  63.9 |      21 |       2 |   8.7
        D:4 |     400 |       0 |   0.0 |      21 |       0 |   0.0
        D:5 |     336 |     663 |  66.4 |       7 |       1 |  12.5
        D:6 |    1123 |     668 |  37.3 |      25 |       2 |   7.4
        D:7 |     522 |       0 |   0.0 |      19 |       0 |   0.0
            +---------+---------+-------+---------+---------+-------
